 Dungeon Crawl Stone Soup version 0.21-a0-38-g95c5c02 (webtiles) character file.

7616 KristoblXynda the Carver (level 11, -2/75 HPs)
             Began as a Formicid Fighter on May 29, 2017.
             Was a Follower of Cheibriados.
             Slain by a yak (9 damage)
             ... on level 9 of the Dungeon.
             The game lasted 00:23:46 (9561 turns).

KristoblXynda the Carver (Formicid Fighter)         Turns: 9561, Time: 00:23:46

Health: -2/75      AC: 13    Str: 24    XL:     11   Next: 40%
Magic:  12/12      EV:  8    Int: 11    God:    Cheibriados [*.....]
Gold:   367        SH: 11    Dex: 13    Spells: 10/10 levels left

rFire    . . .     SeeInvis +   n - +7 Screaming Sword
rCold    . . .     Gourm    .   c - +0 shield
rNeg     . . .     Faith    .   e - +0 chain mail
rPois    .         Spirit   .   (helmet unavailable)
rElec    .         Reflect  .   w - scarf {repulsion}
rCorr    .         Harm     .   (no gloves)
MR       +....                  m - +0 pair of boots
Stlth    ..........             (no amulet)
Regen    0.3/turn               (no ring)
MPRegen  0.2/turn               (no ring)

@: repel missiles, very slow
A: permanent stasis, dig shafts and tunnels, four strong arms, antennae 3
a: Dig, Shaft Self, Bend Time, Renounce Religion


You were on level 9 of the Dungeon.
You worshipped Cheibriados.
Cheibriados was aware of your devotion.
You were not hungry.

You visited 2 branches of the dungeon, and saw 10 of its levels.

You collected 611 gold pieces.
You spent 244 gold pieces at shops.

Inventory:

Hand Weapons
 n - the +7 Screaming Sword (weapon)
   (You found it on level 4 of the Dungeon)
 s - the +6 dagger of Glory {antimagic, *Drain +Inv rF+++ Str+3}
   (You took it off an orc on level 6 of the Dungeon)

   It reduces the magical energy of the wielder, and disrupts the spells and
   magical abilities of those hit.
   Natural abilities and divine invocations are not affected.
   It affects your strength (+3).
   It renders you almost immune to fire.
   It lets you turn invisible.
   It causes draining when unequipped.
Armour
 c - a +0 shield (worn)
 e - a +0 chain mail (worn)
 m - a +0 pair of boots (worn)
 w - a scarf of repulsion (worn)
Jewellery
 p - the ring of Ereimm {rPois rF+ Int+4 Slay-6 Stlth+}
   (You found it on level 5 of the Dungeon)

   [ring of protection from fire]

   It affects your intelligence (+4).
   It affects your accuracy and damage with ranged weapons and melee attacks
   (-6).
   It protects you from fire.
   It protects you from poison.
   It makes you more stealthy.
Wands
 o - a wand of acid (6/15)
 q - a wand of paralysis (5/24)
 u - a wand of iceblast (7/15)
Scrolls
 g - 4 scrolls of identify
 i - 2 scrolls of amnesia
 j - 7 scrolls of remove curse
Potions
 d - a potion of might
 h - 3 potions of ambrosia
 k - 3 potions of flight
 l - a potion of lignification
 t - a potion of invisibility
Books
 a - a book of Conjurations

   Spells                             Type                      Level
   a - Magic Dart                     Conjuration                  1
   b - Searing Ray                    Conjuration                  2
   c - Dazzling Spray                 Conjuration/Hexes            3
   d - Fulminant Prism                Conjuration/Hexes            4
   e - Force Lance                    Conjuration/Translocation    4
   f - Iskenderun's Mystic Blast      Conjuration                  4
 r - a book of Geomancy

   Spells                             Type                      Level
   a - Sandblast                      Earth                        1
   b - Passwall                       Transmutation/Earth          2
   c - Stone Arrow                    Conjuration/Earth            3
   d - Petrify                        Transmutation/Earth          4
   e - Lee's Rapid Deconstruction     Earth                        5
Comestibles
 b - 3 meat rations
 f - 2 bread rations


   Skills:
 - Level 3.2 Fighting
 + Level 11.1 Long Blades
   Level 6.8 Axes
 + Level 10.5 Armour
 - Level 7.7 Shields
 + Level 2.0 Invocations


You had 10 spell levels left.
You didn't know any spells.

Dungeon Overview and Level Annotations

Branches:
Dungeon (9/15)             Temple (1/1) D:4
   Lair: D:8-11         Orc: D:9-12

Altars:
Ashenzari
Cheibriados
Dithmenos
Fedhas
Gozag
Hepliaklqana
Kikubaaqudgha
Makhleb
Nemelex Xobeh
Okawaru
Qazlal
Ru
Sif Muna
Trog
Uskayaw
Vehumet
Wu Jian
Xom
Yredelemnul
Zin
The Shining One

Shops:
D:5 *   D:7 :([


Innate Abilities, Weirdness & Mutations

You cannot be hasted, slowed, berserked, paralysed or teleported.
You can dig through walls and to a lower floor.
Your four strong arms can wield two-handed weapons with a shield.
You have a pair of large antennae on your head. (SInv)


Message History

Evoking this partially-identified wand wasted a few charges.
You block the yak's attack. x2
Unknown command.
You barely miss the yak.
The yak is heavily wounded.
You block the yak's attack. x2
Unknown command.
You hit the orc.
You kill the orc!
Cheibriados thoroughly appreciates the change of pace.
The yak closely misses you.
You riposte.
You slash the yak!
The yak is severely wounded.
The yak gores you!
* * * LOW HITPOINT WARNING * * *
You slice the yak!!
You kill the yak!
Cheibriados appreciates the change of pace.
Your Invocations skill increases to level 2!
The yak gores you!
You die...

####'######## #.........)
#.....# #.........#
#####.# ###..######
#########.## ##....###
#..........# #.......
#..........# #.......
#..........#### #.......
#.............# #.......
#........@.#...# #.......
#.......)Y.#.... #.......
#...........P... ........
#..........P.P.. .........
#.......P.........P.......
#...........PP...P...##+##
#.####.P./.....P
#...P.PP♣..


You could see a yak.

Vanquished Creatures
  A two-headed ogre (D:8)
  Pikel (D:5)
  A centaur zombie (D:6)
  Psyche (D:8)
  Joseph (D:8)
  The ghost of HAL9000 the Changer, a novice DrTm (D:4)
  A troll (D:9)
  2 hippogriffs
  A wyvern (D:9)
  2 basilisks (D:9)
  4 yaks (D:9)
  Grum (D:8)
  A water moccasin (D:9)
  2 porcupines (D:9)
  2 sky beasts (D:6)
  2 orc warriors
  A slave (D:5)
  A necrophage (D:8)
  2 phantoms (D:7)
  5 ogres
  2 wolves (D:8)
  2 centaurs (D:7)
  A crocodile (D:9)
  A big kobold (D:7)
  2 bullfrogs
  7 scorpions
  A crimson imp (D:8)
  A bullfrog zombie (D:7)
  4 hounds
  2 jellies
  8 orc wizards
  Crazy Yiuf (D:6)
  A gnoll shaman (D:5)
  4 orc priests
  A bullfrog skeleton (D:5)
  An iguana (D:5)
  Ijyb (D:3)
  8 worker ants
  A mummy (D:8)
  A hound skeleton (D:5)
  8 gnolls
  12 adders
  4 shadow imps
  An ooze (D:3)
  2 adder zombies
  2 adder skeletons
  2 worms
  3 dart slugs
  A leopard gecko (D:1)
  43 orcs
  10 bats
  2 giant cockroaches
  5 goblins
  6 hobgoblins
  12 jackals
  15 kobolds
  A quokka (D:5)
  3 ball pythons
  2 frilled lizards
  A leopard gecko zombie (D:8)
  2 quokka skeletons
  8 rats
  4 fungi (D:4)
232 creatures vanquished.

Vanquished Creatures (others)
  A slave (D:5)
  A hound skeleton (D:5)
  A shadow imp (D:5)
  An orc (D:5)
  A giant cockroach (D:5)
  A kobold (D:2)
  4 fungi
  A plant (D:9)
11 creatures vanquished.

Grand Total: 243 creatures vanquished

Notes
Turn   | Place    | Note
-------+----------+-------------------------------------------
     0 | D:1      | KristoblXynda the Formicid Fighter began the quest for the Orb.
     0 | D:1      | Reached XP level 1. HP: 18/18 MP: 1/1
   133 | D:1      | Reached XP level 2. HP: 23/24 MP: 2/2
   311 | D:1      | Reached XP level 3. HP: 29/29 MP: 3/3
   874 | D:2      | Found a stormy altar of Qazlal.
  1121 | D:2      | Found an opulent altar of Gozag.
  1291 | D:3      | Reached XP level 4. HP: 18/35 MP: 4/4
  1753 | D:3      | Noticed a dagger
  1754 | D:3      | Noticed a dagger
  1755 | D:3      | Found a hide-covered altar of Uskayaw.
  1802 | D:3      | Reached XP level 5. HP: 14/41 MP: 5/5
  2194 | D:3      | Reached XP level 6. HP: 29/47 MP: 6/6
  2206 | D:3      | Noticed Ijyb
  2217 | D:3      | Killed Ijyb
  2217 | D:3      | Reached skill level 5 in Shields
  2899 | D:4      | Found a staircase to the Ecumenical Temple.
  2934 | Temple   | Entered the Ecumenical Temple
  3207 | D:4      | Found a basalt altar of Yredelemnul.
  3207 | D:4      | Found a shimmering altar of Xom.
  3236 | D:4      | Reached XP level 7. HP: 32/52 MP: 7/7
  3296 | D:4      | Noticed HAL9000's ghost (novice DrTm)
  3318 | D:4      | Killed HAL9000's ghost
  3318 | D:4      | Reached skill level 5 in Axes
  3318 | D:4      | Reached skill level 5 in Armour
  3553 | D:4      | Reached XP level 8. HP: 43/58 MP: 8/8
  4929 | D:5      | Entered Level 5 of the Dungeon
  4945 | D:5      | Reached skill level 1 in Long Blades
  5013 | D:5      | Noticed Pikel
  5031 | D:5      | Reached skill level 2 in Long Blades
  5042 | D:5      | Killed Pikel
  5042 | D:5      | Reached skill level 4 in Long Blades
  5042 | D:5      | Reached XP level 9. HP: 44/64 MP: 9/9
  5367 | D:5      | Got a flickering bronze ring
  5429 | D:5      | Found Cuatacepp's General Store.
  5437 | D:5      | Bought a potion of heal wounds for 55 gold pieces
  5437 | D:5      | Bought a scroll of teleportation for 33 gold pieces
  5438 | D:5      | Identified the ring of Ereimm {rPois rF+ Int+4 Slay-6 Stlth+} (You found it on level 5 of the Dungeon)
  5902 | D:6      | Reached skill level 5 in Long Blades
  5931 | D:6      | Found a sparkling altar of Nemelex Xobeh.
  6049 | D:6      | Found a runed door.
  6069 | D:6      | Got a translucent dagger {antimagic}
  6070 | D:6      | Identified the +6 dagger of Glory {antimagic, *Drain +Inv rF+++ Str+3} (You took it off an orc on level 6 of the Dungeon)
  6139 | D:6      | Reached skill level 6 in Long Blades
  6396 | D:6      | Noticed Crazy Yiuf
  6404 | D:6      | Killed Crazy Yiuf
  6514 | D:7      | Reached XP level 10. HP: 53/70 MP: 3/10
  6620 | D:7      | Reached skill level 7 in Long Blades
  6630 | D:7      | Found Imyrie's Armour Emporium.
  6638 | D:7      | Bought a scarf of repulsion for 156 gold pieces
  6698 | D:7      | Found Fusiuly's Antique Weapon Emporium.
  7054 | D:7      | Found Bisiph's Book Shoppe.
  7361 | D:8      | Noticed Joseph
  7366 | D:8      | Reached skill level 8 in Long Blades
  7367 | D:8      | Noticed Psyche
  7377 | D:8      | Killed Joseph
  7378 | D:8      | Killed Psyche
  7381 | D:8      | Noticed a two-headed ogre
  7385 | D:8      | Killed a two-headed ogre
  7385 | D:8      | Reached skill level 9 in Long Blades
  7854 | D:8      | Noticed Grum
  7860 | D:8      | Killed Grum
  8550 | D:8      | Reached skill level 10 in Long Blades
  8550 | D:8      | Reached XP level 11. HP: 72/75 MP: 11/11
  8609 | D:8      | Found a snail-covered altar of Cheibriados.
  8631 | D:8      | Became a worshipper of Cheibriados the Contemplative
  9018 | D:9      | Reached skill level 10 in Armour
  9142 | D:9      | HP: 1/75 [ogre/giant club (15)]
  9145 | D:9      | Reached skill level 11 in Long Blades
  9533 | D:9      | Reached skill level 1 in Invocations
  9545 | D:9      | Reached * piety under Cheibriados
  9561 | D:9      | Slain by a yak

Vault maps used:
D:1:      dpeg_arrival_shrine, minmay_misc_feat_five
D:2:      nicolae_qazlal_eye_of_the_storm,
          nicolae_gozag_cash_rules_everything_around_me
D:3:      dancing_weapons_uskayaw, first_bread, hex_intersection, uniq_ijyb
D:4:      old_forge, nicolae_overflow_hidden_temple,
          minmay_temple_entry_enclosed_plants, hangedman_decor_slide_cut,
          kennysheep_potato
D:5:      serial_shops, shop, uniq_pikel
D:6:      lemuel_round_altar, uniq_crazy_yiuf_cottage
D:7:      serial_shops, shop, shop_statue,
          nicolae_shop_temple_entry_statues_fountains
D:8:      slow_altar_1, uniq_grum, uniq_psyche, uniq_joseph
D:9:      minmay_lair_entry_grove, erik_orc_1, hangedman_pestilent_swarm
Temple:   eino_narrow_crystal_temple

Skill      XL: |  1  2  3  4  5  6  7  8  9 10 11 |
---------------+----------------------------------+-----
Shields        | 4 5 6 7 |  7.7
Axes           | 3 4 6 |  6.8
Armour         | 4 5 6 8 9 10 | 10.5
Long Blades    | 4 6 10 11 | 11.1
Invocations    | 2 |  2.0
Fighting       | |  3.2

Action                   |  1- 3 |  4- 6 |  7- 9 | 10-12 || total
-------------------------+-------+-------+-------+-------++-------
Melee: War axe           |   112 |   142 |   203 |       ||   457
       Double sword      |       |       |    52 |   217 ||   269
       Dagger            |       |       |    95 |    43 ||   138
Evoke: Wand              |       |       |       |     5 ||     5
  Use: Scroll            |       |     4 |     6 |     3 ||    13
       Potion            |       |     3 |     3 |     4 ||    10
 Stab: Paralysed         |       |       |       |     2 ||     2
  Eat: Chunk             |     1 |       |     7 |     3 ||    11
       Meat ration       |       |     1 |       |       ||     1
       Bread ration      |       |     1 |     1 |     1 ||     3
       Royal jelly       |       |       |       |     1 ||     1
Armor: Scale mail        |    53 |    20 |       |       ||    73
       Chain mail        |       |    62 |   171 |   124 ||   357
       Skin              |       |       |     5 |    16 ||    21
Dodge: Dodged            |    52 |    43 |    96 |    73 ||   264
       Deflected         |       |       |       |     5 ||     5
Block: Shield            |    63 |    78 |   228 |   164 ||   533
       Rpst.: Double sword |       |       |     4 |    20 ||    24
